 Dungeon Crawl Stone Soup version 0.28.0-49-g6dfe1f597d (webtiles) character file.

Game seed: 7677458352422487254

4708 firemarshallily the Thaumaturge (level 10, -3/77 HPs)
             Began as a Djinni Summoner on May 17, 2022.
             Was an Initiate of Yredelemnul.
             Slain by a troll (10 damage)
             ... on level 7 of the Dungeon.
             The game lasted 00:59:51 (9941 turns).

firemarshallily the Thaumaturge (Djinni Summoner)   Turns: 9941, Time: 00:59:52

Health: -3/77      AC:  3    Str:  6 (7)  XL:     10   Next: 73%
Gold:   328        EV: 12    Int: 20 (21) God:    Yredelemnul [......] SH:  0 Dex: 13 (14)

rFire   + + +      SeeInvis +   n - +1 mace (protect)
rCold   x . .      Faith    .   (no shield)
rNeg    . . .      Spirit   .   a - +0 robe
rPois   ∞          Reflect  .   k - +0 helmet
rElec   .          Harm     .   h - scarf {repulsion}
rCorr   .          Rampage  .   (no gloves)
Will    +....                   (boots unavailable)
Stlth   ++........              (no amulet)
HPRegen 0.22/turn               o - ring of protection from fire
MPRegen 0.00/turn               x - ring of see invisible

@: about to teleport, flying, repel missiles
A: sickness immunity, fire resistance 2, cold vulnerability 1, float, innate
caster, HP casting, extra vitality 1
a: Renounce Religion, Recall Undead Harvest


You were on level 7 of the Dungeon.
You worshipped Yredelemnul.
Yredelemnul was noncommittal.
You visited 1 branch of the dungeon, and saw 8 of its levels.
You also visited: Ossuary.

You collected 328 gold pieces.

Inventory:

Hand Weapons
 e - a +0 dagger of flaming
 n - a +1 mace of protection (weapon)
Missiles
 f - 119 stones
 m - 7 poisoned darts
 C - 6 boomerangs
Armour
 a - a +0 robe (worn)
 b - a +0 leather armour
 h - a scarf of repulsion (worn)
 k - a +0 helmet (worn)
 l - the +0 scale mail of the Cockroach {rN+ Will+}
   (You found it on level 4 of the Dungeon)

   rN:        It protects you from negative energy.
   Will:      It increases your willpower.
 q - the +5 chain mail of the Monkey's Uncle {Regen+ Str+5}
   (You found it on level 4 of the Dungeon)

   Str:       It affects your strength (+5).
   Regen:     It increases your rate of health regeneration.
 t - the +0 cloak of Jigsaw {Fly rC+ Will- Str+4}
   (You found it on level 5 of the Dungeon)

   Str:       It affects your strength (+4).
   rC:        It protects you from cold.
   Fly:       It grants you flight.
   Will:      It decreases your willpower.
 A - the +5 chain mail "Waeruhisk" {Contam Str+7 Dex+6}
   (You found it on level 6 of the Dungeon)

   Str:       It affects your strength (+7).
   Dex:       It affects your dexterity (+6).
   Contam:    It causes magical contamination when unequipped.
Jewellery
 o - a ring of protection from fire (left hand)
 x - a ring of see invisible (right hand)
 E - a ring of positive energy
Wands
 p - a wand of charming (9)
Scrolls
 c - 2 scrolls of blinking {unknown}
 d - a scroll of holy word {unknown}
 i - 3 scrolls of brand weapon {unknown}
 r - 2 scrolls of silence {unknown}
 s - 3 scrolls of identify
 w - 2 scrolls of amnesia {unknown}
 y - 2 scrolls of enchant weapon
 B - a scroll of fear {unknown}
 F - a scroll of fog
Potions
 g - a potion of ambrosia {unknown}
 j - 2 potions of curing
 u - a potion of heal wounds {unknown}
 D - a potion of haste {unknown}
 G - a potion of invisibility {unknown}


   Skills:
 + Level 8.6 Fighting
 - Level 2.1 Dodging
 - Level 1.5 Stealth
 * Level 10.1 Spellcasting


You had 7 spell levels left.
You knew the following spells:

 Your Spells              Type           Power      Damage    Failure   Level
a - Summon Small Mammal   Summ           100%       N/A       1%          1
b - Call Imp              Summ           50%        N/A       1%          2
c - Call Canine Familiar  Summ           50%        N/A       1%          3
d - Summon Guardian Gole  Hex/Summ       50%        N/A       1%          3
e - Summon Lightning Spi  Summ/Air       50%        N/A       1%          4
f - Foxfire               Conj/Fire      100%       2x1d9     1%          1
g - Static Discharge      Conj/Air       50%        N/A       1%          2
h - Poisonous Vapours     Pois/Air       100%       N/A       1%          2
i - Iskenderun's Mystic   Conj/Tloc      50%        2d11      1%          4
Your spell library was empty.

Dungeon Overview and Level Annotations

Branches:
Dungeon (8/15)             Temple (0/1) D:7         Ossuary (visited)
   Lair: D:8-11

Altars:
Ashenzari
Yredelemnul

Shops:
D:5 (   D:7 [


Innate Abilities, Weirdness & Mutations

You are immune to sickness and miasma.
You are immune to poison.
Your flesh is very heat resistant. (rF++)
You are vulnerable to cold. (rC-)
You float through the air rather than walking.
You learn spells naturally, not from books.
Your magical power is your life essence.
You have superior vitality. (+4 MHP)


Message History

The orc throws a boomerang.
The boomerang hits you.
An orc comes into view. It is wielding a +0 flail.
The orc shouts!
There is a stone staircase leading up here.
The orc shouts! x2; You hear an angry hiss.
The troll bites you. The troll claws you. The troll barely misses you.
The kobold brigand throws a poisoned dart.
The poisoned dart barely misses you.
You fly upwards.
There is a stone staircase leading down here.
Casting: Call Canine Familiar (safe; 1% risk of failure)
Confirm with . or Enter, or press ? or * to list all spells.
An electric hum fills the air.
The troll bites you!
* * * LOW HITPOINT WARNING * * *
The troll barely misses you. The troll closely misses you.
The orc barely misses you.
As you read the scroll of teleportation, it crumbles to dust.
You feel strangely unstable. The troll bites you!
* * * LOW HITPOINT WARNING * * *
The troll claws you!
* * * LOW HITPOINT WARNING * * *
The troll barely misses you. The orc closely misses you.
It was a potion of degeneration.
There was something very wrong with that liquid.
You feel weakened.
You feel dopey.
You feel clumsy. The troll completely misses you. The troll barely misses you.
The troll claws you.
* * * LOW HITPOINT WARNING * * *
The orc hits you with a +0 club.
* * * LOW HITPOINT WARNING * * *
It was a potion of curing.
You feel better. The troll bites you but does no damage. The troll claws you!
* * * LOW HITPOINT WARNING * * *
The troll barely misses you. The orc hits you with a +0 club.
* * * LOW HITPOINT WARNING * * *
You feel better. The troll bites you.
* * * LOW HITPOINT WARNING * * *
The troll closely misses you. The troll claws you!
You die...
Your body rises from the dead as a mindless zombie.

##...'∩Z...........
#...####Z......##..
#...# ##....######
##### ####.###..#
###.#######Z.......
#....##..#.........
#...8..#.Z...###...
###T...#.##......##
#@.##Z####........
#o.##ZZ####.......
#...##.Z.###......
#....####.Z###....
#.......##.ZZ##.##
##......###Z.####^
#.#..###ZZZ.....#
######...#ZZZ..^^
#...#####....P


You could see a troll (ally target), an orc and a friendly lightning spire
(summoned).

Vanquished Creatures
  A yak (D:4)
  2 sky beasts
  A water moccasin zombie (D:5)
  An orc priest (D:7)
  2 orc wizards
  2 adders
  A shadow imp (D:6)
  A worm (D:2)
  2 orcs
  2 ball pythons
  3 bats (D:7)
  2 endoplasms
  8 kobolds
  A quokka (D:1)
  A hobgoblin zombie (Ossuary)
  A quokka zombie (Ossuary)
  A rat (D:1)
  A rat zombie (Ossuary)
33 creatures vanquished.

Vanquished Creatures (collateral kills)
  A cyclops (D:8)
  An efreet (D:8)
  The ghost of bnorton916 the Magician, an amateur DEFE of Vehumet (D:4)
  A wyvern (D:8)
  3 yaks (D:4)
  An orc warrior (D:7)
  A sky beast (D:7)
  2 ice beasts
  2 ogres
  2 phantoms
  2 elf zombies (Ossuary)
  4 kobold brigands
  A bullfrog (D:6)
  7 scorpions
  A wyvern zombie (D:6)
  A water moccasin zombie (D:6)
  A wyvern skeleton (D:7)
  A water moccasin skeleton (D:6)
  4 wights (D:7)
  A howler monkey (D:5)
  3 centaur zombies (Ossuary)
  3 bullfrog zombies
  2 orc priests
  A hound (D:4)
  A human zombie (Ossuary)
  2 iguanas
  3 orc wizards
  2 hound zombies (Ossuary)
  A hound skeleton (D:5)
  3 mummies (Ossuary)
  A howler monkey skeleton (D:4)
  7 adders
  A white imp (D:5)
  2 adder zombies (Ossuary)
  2 worms
  3 dart slugs (D:1)
  16 orcs
  7 bats
  2 endoplasms
  2 giant cockroaches
  5 goblins
  5 hobgoblins
  13 kobolds
  4 quokkas
  6 ball pythons
  4 frilled lizards
  A gnoll zombie (Ossuary)
  6 goblin zombies (Ossuary)
  A hobgoblin zombie (Ossuary)
  5 jackal zombies (Ossuary)
  6 kobold zombies (Ossuary)
  2 quokka zombies (Ossuary)
  5 rats
  A rat zombie (Ossuary)
166 creatures vanquished.

Vanquished Creatures (others)
  A yak (D:4)
  A spectral efreet (D:8)
  A yak zombie (D:4)
  A sky beast zombie (D:8)
  2 bat zombies
  3 ball python zombies
  A giant cockroach zombie (D:4)
  A goblin zombie (D:4)
  5 kobold zombies
  5 orc zombies
  A quokka zombie (D:4)
  A rat zombie (D:3)
  A spectral endoplasm (D:3)
  31 foxfires
  14 fungi
  5 plants (D:4)
74 creatures vanquished.

Grand Total: 273 creatures vanquished

Notes
Turn   | Place    | Note
-------+----------+-------------------------------------------
     0 | D:1      | firemarshallily the Djinni Summoner began the quest for the
                  | Orb.
     0 | D:1      | Reached XP level 1. HP: 15/15 MP: 0/0
   352 | D:1      | Reached XP level 2. HP: 14/22 MP: 0/0
   994 | D:1      | Reached skill level 1 in Fighting
  1345 | D:1      | Reached XP level 3. HP: 23/27 MP: 0/0
  1345 | D:1      | Learned a level 1 spell: Foxfire
  1989 | D:1      | Found a faded altar of an unknown god.
  2005 | D:1      | Prayed at the altar of an unknown god.
  2005 | D:1      | Became a worshipper of Yredelemnul the Dark
  2005 | D:1      | Reached * piety under Yredelemnul
  2335 | D:2      | Found a broken altar of Ashenzari.
  2675 | D:2      | Reached XP level 4. HP: 28/32 MP: 0/0
  2836 | D:2      | Reached skill level 4 in Spellcasting
  4028 | D:3      | Reached XP level 5. HP: 14/38 MP: 0/0
  4028 | D:3      | Learned a level 2 spell: Static Discharge
  4571 | D:4      | Found a runed translucent gate.
  4571 | D:4      | Found a runed translucent gate.
  4571 | D:4      | Found a runed translucent gate.
  4574 | D:4      | Noticed a kobold brigand
  4574 | D:4      | Noticed bnorton916's ghost (amateur DEFE)
  4586 | D:4      | Noticed a phantom
  4602 | D:4      | Noticed a yak
  4603 | D:4      | Noticed a yak
  4603 | D:4      | Noticed a yak
  4607 | D:4      | Killed a phantom
  4608 | D:4      | Reached XP level 6. HP: 35/45 MP: 0/0
  4608 | D:4      | Noticed a yak
  4608 | D:4      | Noticed a yak
  4610 | D:4      | Noticed a yak
  4610 | D:4      | Killed a yak
  4611 | D:4      | Reached skill level 5 in Spellcasting
  4618 | D:4      | Killed a yak
  4619 | D:4      | Reached XP level 7. HP: 31/51 MP: 0/0
  4619 | D:4      | Learned a level 2 spell: Poisonous Vapours
  4626 | D:4      | Killed a yak
  4627 | D:4      | Reached ** piety under Yredelemnul
  4627 | D:4      | Reached skill level 6 in Spellcasting
  4976 | D:4      | Killed a yak
  4977 | D:4      | Reached XP level 8. HP: 17/58 MP: 0/0
  4979 | D:4      | Killed a yak
  5215 | D:4      | Reached skill level 5 in Fighting
  5365 | D:4      | Identified the +0 scale mail of the Cockroach {rN+ Will+}
  5814 | D:4      | Killed bnorton916's ghost
  5815 | D:4      | Reached skill level 7 in Spellcasting
  5845 | D:4      | Identified the +5 chain mail of the Monkey's Uncle {Regen+
                  | Str+5}
  5875 | D:5      | Entered Level 5 of the Dungeon
  5975 | D:5      | Reached XP level 9. HP: 52/66 MP: 0/0
  5975 | D:5      | Learned a level 4 spell: Iskenderun's Mystic Blast
  6177 | D:5      | Reached skill level 8 in Spellcasting
  6184 | D:5      | Identified the +0 cloak of Jigsaw {Fly rC+ Will- Str+4}
  6197 | D:5      | Found a sand-covered staircase.
  6260 | Ossuary  | Entered an ossuary
  6843 | D:5      | Found Xennaj's Weapon Shop.
  7523 | D:6      | Identified the +5 chain mail "Waeruhisk" {Contam Str+7
                  | Dex+6}
  8452 | D:7      | Reached XP level 10. HP: 68/75 MP: 0/0
  8471 | D:7      | Reached skill level 9 in Spellcasting
  8550 | D:7      | Found a staircase to the Ecumenical Temple.
  9078 | D:7      | Reached *** piety under Yredelemnul
  9191 | D:7      | Found Xaggoz's Antique Armour Shop.
  9391 | D:8      | Noticed a cyclops
  9403 | D:8      | Killed a cyclops
  9478 | D:8      | Noticed an efreet
  9486 | D:8      | Killed an efreet
  9510 | D:8      | Reached skill level 10 in Spellcasting
  9578 | D:8      | HP: 1/77 [troll (10)]
  9939 | D:7      | HP: 2/77 [orc/+0 club (2)]
  9941 | D:7      | Slain by a troll

Illustrated notes

Levels and vault maps discovered:
D:1:      amcnicky_arrival_blooded_trapdoor, layout_basic,
          hellmonk_ecumenical_altar_pennies_from_heaven, interstate_on_off,
          chequers_serial_rivers_small_b
D:2:      layout_basic, basic_altar, kennysheep_doodads
D:3:      layout_rooms
D:4:      layout_cave_pools, gammafunk_ghost_nasty_kobolds,
          serial_bayou_lagoon_b
D:5:      layout_rooms, serial_shops, nicolae_lakefront_shop,
          nicolae_ossuary_entry_false_entrances, palyth_stone_intersect,
          grunt_ministairs_11
D:6:      layout_basic
D:7:      old_forge, layout_cave_pools, minmay_temple_entry_mist, serial_shops,
          kennysheep_mini, corexii_hall_statues_t, due_unseen_surprise
D:8:      minmay_the_grid_octo_tiled_octocenter [minmay_the_grid_octo_77,
          minmay_the_grid_octo_toaster, minmay_the_grid_octo_fat_diamond,
          minmay_the_grid_octo_odd_swirl,
          minmay_the_grid_octo_prize_single_spiral,
          minmay_the_grid_square_5x5_tri_point,
          minmay_the_grid_square_5x5_moneybag, minmay_the_grid_square_5x5_inset,
          minmay_the_grid_square_5x5_lines], layout_rooms, dpeg_oklobed_lair,
          uniq_joseph

Skill      XL: |  1  2  3  4  5  6  7  8  9 10 |
---------------+-------------------------------+-----
Fighting       | 1 2 3 4 5 7 8 |  8.6
Spellcasting   | 4 5 6 7 8 10 | 10.1
Dodging        | |  2.1
Stealth        | |  1.5

Action                   |  1- 3 |  4- 6 |  7- 9 | 10-12 || total
-------------------------+-------+-------+-------+-------++-------
Melee: Club              |    13 |       |       |       ||    13
       Unarmed           |     1 |       |       |       ||     1
       Dagger            |    15 |    18 |       |       ||    33
       Mace              |       |    11 |    49 |    39 ||    99
       Punch             |       |       |     1 |       ||     1
 Cast: Summon Small Mamm |    51 |    46 |    67 |    28 ||   192
       Call Imp          |    17 |    17 |    23 |    10 ||    67
       Foxfire           |     9 |     2 |     4 |     5 ||    20
       Call Canine Famil |       |     6 |    24 |    12 ||    42
       Summon Lightning  |       |     1 |     8 |    10 ||    19
       Summon Guardian G |       |     1 |       |       ||     1
       Poisonous Vapours |       |       |     3 |     6 ||     9
Invok: Dark Bargain      |       |       |     1 |       ||     1
  Use: Scroll            |       |     7 |       |     1 ||     8
       Potion            |       |       |     2 |     3 ||     5
 Stab: Distracted        |     1 |       |       |       ||     1
       Sleeping          |       |     1 |       |       ||     1
Armor: Robe              |     5 |    11 |    20 |    18 ||    54
Dodge: Dodged            |    30 |    28 |    37 |    39 ||   134
